 Dungeon Crawl Stone Soup version 0.31.0-32-g396128a36d (webtiles) character file.

Game seed: 13101301862298526696

16345 Silvore the Bludgeoner (level 12, -3/110 HPs)
             Began as a Minotaur Fighter on Apr 3, 2024.
             Was a Follower of the Shining One.
             Slain by a minotaur
             ... wielding the +4 great mace of Ypeohuc {speed, +Blink Int+2}
              (25 damage)
             ... in a Gauntlet.
             The game lasted 00:15:06 (12807 turns).

Silvore the Bludgeoner (Minotaur Fighter)          Turns: 12807, Time: 00:15:06

Health: -3/110     AC: 17    Str: 31    XL:     12   Next: 9%
Magic:  11/11      EV: 10    Int: 11    God:    the Shining One [*.....]
Gold:   2320       SH:  6    Dex: 11    Spells: 11/11 levels left

rFire   . . .        q - +1 morningstar (spect)
rCold   . . .        c - +0 buckler
rNeg    . . .        D - +1 plate armour
rPois   +            (helmet restricted)
rElec   .            n - scarf {repulsion}
rCorr   .            (no gloves)
SInv    .            h - +0 pair of boots
Will    +....        z - amulet of the acrobat Stlth
                     N - ring "Ciycofag" {rPois Will+ Int+2}
HPRegen 0.38/turn    J - ring "Xucim Kusch" {Str+6 Int+4}
MPRegen 0.12/turn

%: no teleportation, repel missiles, acrobat
@: mighty, glowing
A: horns 2, retaliatory headbutt
a: Renounce Religion, Divine Shield


You were in a Gauntlet.
You worshipped the Shining One.
The Shining One was aware of your devotion.
You visited 2 branches of the dungeon, and saw 14 of its levels.
You also visited: Trove and Gauntlet.

You collected 2402 gold pieces.
You donated 82 gold pieces to Zin.

Inventory:

Hand Weapons
 q - a +1 spectral morningstar (weapon)
 M - the +11 long sword "Abbi Gon" {protect, *Rage rElec rC+++ Dex+3}
   (You found it in a treasure trove)

   Dex+3:     It affects your dexterity (+3).
   rC+++:     It renders you almost immune to cold.
   rElec:     It insulates you from electricity.
   *Rage:     It berserks you when you make melee attacks (+20% chance).
Armour
 c - a +0 buckler (worn)
 h - a +0 pair of boots (worn)
 l - a +0 cloak
 n - a scarf of repulsion (worn)
 s - a +1 cloak of stealth
 D - a +1 plate armour (worn)
Jewellery
 a - a ring of willpower
 z - an amulet of the acrobat (around neck)
 J - the ring "Xucim Kusch" (right hand) {Str+6 Int+4}
   (You found it in a treasure trove)

   [ring of strength]

   Str+6:     It affects your strength (+6).
   Int+4:     It affects your intelligence (+4).
 N - the ring "Ciycofag" (left hand) {rPois Will+ Int+2}
   (You found it in a treasure trove)

   [ring of willpower]

   Int+2:     It affects your intelligence (+2).
   rPois:     It protects you from poison Will+: It increases your willpower.
Wands
 j - a wand of paralysis (16)
 F - a wand of digging (5)
Scrolls
 b - a scroll of revelation
 i - a scroll of butterflies
 m - 7 scrolls of vulnerability
 o - a scroll of brand weapon
 u - a scroll of fog
 v - a scroll of identify
 A - 2 scrolls of amnesia
 H - a scroll of fear
 I - a scroll of teleportation
Potions
 d - 4 potions of heal wounds
 e - 6 potions of curing
 f - a potion of haste
 g - a potion of degeneration
 k - 4 potions of enlightenment
 p - 2 potions of lignification
 r - 2 potions of magic
 t - a potion of resistance
 w - 2 potions of might
 C - a potion of mutation
 E - a potion of brilliance
Miscellaneous
 L - a condenser vane


   Skills:
 + Level 11.0 Fighting
 + Level 15.3 Maces & Flails
 + Level 11.1 Armour
 + Level 5.4 Dodging
 + Level 2.3 Stealth
 + Level 9.0 Shields


You had 11 spell levels left.
You didn't know any spells.
Your spell library contained the following spells:

 Spells                   Type           Power      Damage    Failure   Level
 Sandblast                Erth           0%         2d4       94%         1
 Ensorcelled Hibernation  Hex/Ice        0%         N/A       98%         2
 Passwall                 Erth           0%         N/A       100%        3
 Stone Arrow              Conj/Erth      0%         3d7       100%        3
 Swiftness                Air            0%         N/A       100%        3
 Brom's Barrelling Bould  Conj/Erth      0%         2d3       100%        4


Dungeon Overview and Level Annotations

Branches:
Dungeon (13/15)            Temple (1/1) D:5            Lair (0/5) D:9
    Orc (0/2) D:10        Gauntlet (1/1)
 Vaults: D:13-14

Altars:
Ashenzari
Cheibriados
Dithmenos
Elyvilon
Fedhas
Gozag
Hepliaklqana
Kikubaaqudgha
Makhleb
Nemelex Xobeh
Okawaru
Qazlal
Ru
Sif Muna
Trog
Uskayaw
Vehumet
Wu Jian
Xom
Yredelemnul
Zin
The Shining One

Shops:
D:1 :   D:4 *   D:5 **[   D:7 !   D:12 (

Annotations:
Temple 2 transporters Gauntlet 6 transporters, exclusion: ice statue


Innate Abilities, Weirdness & Mutations

You have a pair of horns on your head.
You reflexively headbutt those who attack you in melee.


Message History

You start waiting.
The thrashing horror roars!
You feel less confused.
You see here the +0 leather armour of Autotheism {Str-4 Int+2 Slay+2 Stlth+}.
o - a scroll of brand weapon You see here a +1 cloak of stealth.
s - a +1 cloak of stealth
There is a transporter here.
You enter the transporter and appear at another place.
A minotaur comes into view.
It is wielding the +4 great mace of Ypeohuc {speed, +Blink Int+2} and wearing a +2 plate armour of cold resistance.
The minotaur throws a javelin.
The javelin barely misses you. You block the minotaur's attack. x2
The minotaur hits you with the +4 great mace of Ypeohuc {speed, +Blink Int+2}!!
The minotaur gores you!
You thump the minotaur!
The minotaur is lightly wounded.
The minotaur hits you with the +4 great mace of Ypeohuc {speed, +Blink Int+2}.
The minotaur gores you.
You hit the minotaur but do no damage.
The minotaur is lightly wounded.
The minotaur hits you with the +4 great mace of Ypeohuc {speed, +Blink Int+2}!
The minotaur gores you but does no damage.
You hit the minotaur but do no damage.
The minotaur is lightly wounded.
The minotaur hits you with the +4 great mace of Ypeohuc {speed, +Blink Int+2}!!
* * * LOW HITPOINT WARNING * * *
You block the minotaur's attack.
You hit the minotaur but do no damage.
The minotaur is lightly wounded.
The minotaur hits you with the +4 great mace of Ypeohuc {speed, +Blink Int+2}!
* * * LOW HITPOINT WARNING * * *
You block the minotaur's attack.
Unknown command.
You feel much better. You block the minotaur's attack. x2
The minotaur hits you with the +4 great mace of Ypeohuc {speed, +Blink Int+2}!
* * * LOW HITPOINT WARNING * * *
The minotaur gores you but does no damage.
You feel very mighty all of a sudden.
The minotaur hits you with the +4 great mace of Ypeohuc {speed, +Blink Int+2}!!
You die...

.....#..≈#
..^#.#..##
.##.=#..≈#####
.##.$#..###..######
©.#.©#..≈##..##...
.##..#..###..##.#
.##.?#..§##.....# #
..^#x#..###..##.##.#
...Xx#..#....##.@H.#
######..#©...##.##.#
........#.......# '.
......∩.#....##.# .#
######..#©...##... #
...[.#..#....##.##.
####.#..###.....#
...#©#..≈##..##.#
##.###..###..# ..


You could see a minotaur.

Vanquished Creatures
  A catoblepas (D:13)
  A two-headed ogre (D:9)
  A deep elf pyromancer (D:12)
  An orange crystal statue (Gauntlet)
  Pikel (D:6)
  Maurice (D:7)
  A manticore (D:12)
  2 cyclopes
  3 slime creatures
  A torpor snail (Gauntlet)
  Jeremiah (D:6)
  Maggie (D:6)
  4 kobold demonologists
  3 trolls
  Grinder (D:6)
  A hornet (D:10)
  Sigmund (D:2)
  A shadow (D:11)
  A wraith (D:13)
  A wyvern (D:10)
  11 yaks
  5 vampire mosquitoes
  A neqoxec (Gauntlet)
  3 steam dragons (D:8)
  2 chaos spawn (Gauntlet)
  A water moccasin (D:7)
  3 acid dragons
  2 ice beasts
  3 sky beasts (D:7)
  3 orc warriors (D:10)
  An ogre (D:4)
  3 wolves (Gauntlet)
  A centaur (D:6)
  A phantom (D:7)
  6 kobold brigands
  3 gnoll sergeants
  A scorpion (D:4)
  14 wights
  4 killer bees (D:10)
  4 howler monkeys
  3 electric eels (D:9)
  2 hounds (D:5)
  6 jellies
  6 orc priests
  4 bombardier beetles
  3 sleepcaps
  An iguana (D:6)
  10 orc wizards
  24 gnolls
  7 adders
  4 white imps
  2 ufetubi (D:6)
  A ribbon worm (D:3)
  A dart slug (D:3)
  56 orcs
  6 bats
  11 endoplasms
  2 giant cockroaches (D:3)
  6 goblins
  12 hobgoblins
  15 ball pythons
  2 frilled lizards (D:1)
  26 kobolds
  8 rats
  A spectral orc (D:6)
319 creatures vanquished.

Notes
Turn   | Place    | Note
-------+----------+-------------------------------------------
     0 | D:1      | Silvore the Minotaur Fighter began the quest for the Orb.
     0 | D:1      | Reached XP level 1. HP: 19/19 MP: 0/0
    96 | D:1      | Reached XP level 2. HP: 27/27 MP: 1/1
   258 | D:1      | Found a faded altar of an unknown god.
   412 | D:1      | Found Errenudi's Book Shoppe.
   644 | D:1      | Reached XP level 3. HP: 24/33 MP: 2/2
   763 | D:2      | You fall into a shaft and drop 1 floor!
   840 | D:2      | Noticed Sigmund
   848 | D:2      | Killed Sigmund
   849 | D:2      | Reached skill level 4 in Maces & Flails
   849 | D:2      | Reached skill level 5 in Armour
   849 | D:2      | Reached skill level 1 in Dodging
   849 | D:2      | Reached XP level 4. HP: 23/41 MP: 3/3
   849 | D:2      | Reached XP level 5. HP: 27/47 MP: 4/4
  1465 | D:3      | Reached XP level 6. HP: 53/53 MP: 5/5
  2119 | D:4      | Reached skill level 5 in Maces & Flails
  2246 | D:4      | Found Zin's Purification Station.
  2248 | D:4      | Found a glowing silver altar of Zin.
  2258 | D:4      | Became a worshipper of Zin the Law-Giver
  2258 | D:4      | Reached * piety under Zin
  2259 | D:4      | Donated 50 gold pieces to Zin
  2855 | D:4      | Reached XP level 7. HP: 58/60 MP: 6/6
  2857 | D:4      | Reached skill level 5 in Fighting
  3044 | D:5      | Entered Level 5 of the Dungeon
  3052 | D:5      | Reached skill level 6 in Maces & Flails
  3178 | D:5      | Found a staircase to the Ecumenical Temple.
  3331 | D:5      | Reached ** piety under Zin
  3401 | D:5      | Found Uroew's General Store.
  3402 | D:5      | Found Batti's Assorted Antiques.
  3403 | D:5      | Found Vaokh's Antique Armour Emporium.
  3886 | D:6      | Noticed Maggie
  3907 | D:6      | Killed Maggie
  3908 | D:6      | Reached skill level 7 in Maces & Flails
  3908 | D:6      | Reached XP level 8. HP: 27/70 MP: 7/7
  3913 | D:6      | Reached skill level 5 in Shields
  4104 | D:6      | Reached skill level 1 in Stealth
  4113 | D:6      | Reached skill level 8 in Maces & Flails
  4431 | D:6      | Reached skill level 9 in Maces & Flails
  4599 | D:6      | Noticed a slime creature
  4600 | D:6      | Found an ornate altar of the Wu Jian Council.
  4600 | D:6      | Found an ornate altar of the Wu Jian Council.
  4600 | D:6      | Found a shimmering blue altar of Sif Muna.
  4600 | D:6      | Found a shadowy altar of Dithmenos.
  4600 | D:6      | Found a snail-covered altar of Cheibriados.
  4600 | D:6      | Found a hide-covered altar of Uskayaw.
  4600 | D:6      | Noticed a slime creature
  4600 | D:6      | Noticed a slime creature
  4616 | D:6      | Killed a large slime creature
  4619 | D:6      | Reached XP level 9. HP: 44/78 MP: 8/8
  4633 | D:6      | Reached skill level 10 in Maces & Flails
  4915 | D:6      | Noticed Grinder
  4931 | D:6      | Killed Grinder
  5055 | D:6      | Noticed Pikel
  5067 | D:6      | Killed Pikel
  5112 | D:6      | Noticed Jeremiah
  5119 | D:6      | Killed Jeremiah
  5120 | D:6      | Reached skill level 11 in Maces & Flails
  5591 | D:6      | Found a hazy altar of Hepliaklqana.
  5779 | D:7      | Noticed Maurice
  5780 | D:7      | Paralysed by Maurice for 5 turns
  5789 | D:7      | Paralysed by Maurice for 5 turns
  5792 | D:7      | Maurice stole a ring of ice
  5793 | D:7      | Maurice stole a +0 spectral morningstar
  5800 | D:7      | Killed Maurice
  5802 | D:7      | Reached *** piety under Zin
  5968 | D:7      | Reached XP level 10. HP: 34/88 MP: 9/9
  6172 | D:7      | Found Sukuh's Distillery.
  6214 | D:7      | Identified the +7 chain mail of Optimism {rElec rN+ Dex-5}
  6246 | D:7      | Reached skill level 12 in Maces & Flails
  6914 | Temple   | Found a transporter.
  6914 | Temple   | Found a transporter.
  6914 | Temple   | Found a transporter.
  6914 | Temple   | Found a transporter.
  6914 | Temple   | Entered the Ecumenical Temple
  6928 | Temple   | Fell from the grace of Zin
  6928 | Temple   | Became a worshipper of the Shining One
  6928 | Temple   | Reached * piety under the Shining One
  7673 | D:8      | Reached ** piety under the Shining One
  8121 | D:9      | Found a staircase to the Lair.
  8161 | D:9      | Noticed a two-headed ogre
  8311 | D:9      | Killed a two-headed ogre
  8737 | D:9      | Identified the +0 robe of the Prince of Darkness {+Blink
                  | rN+}
  8840 | D:9      | Found a hide-covered altar of Uskayaw.
  8840 | D:9      | Found a radiant altar of Vehumet.
  9570 | D:10     | Entered Level 10 of the Dungeon
  9581 | D:10     | Reached skill level 13 in Maces & Flails
  9770 | D:10     | Reached *** piety under the Shining One
  9771 | D:10     | Reached XP level 11. HP: 88/97 MP: 10/10
  9816 | D:10     | Found a staircase to the Orcish Mines.
 10024 | D:10     | Reached skill level 5 in Dodging
 10183 | D:10     | Reached skill level 10 in Armour
 10301 | D:10     | Found an iron altar of Okawaru.
 10773 | D:11     | Reached skill level 10 in Fighting
 11214 | D:11     | Reached skill level 14 in Maces & Flails
 11411 | D:12     | Found an iron altar of Okawaru.
 11690 | D:12     | Identified the +0 cloak of Assaf {Dex+5}
 11749 | D:12     | Reached **** piety under the Shining One
 11869 | D:12     | Noticed a deep elf pyromancer
 11872 | D:12     | Killed a deep elf pyromancer
 11947 | D:12     | Found a portal to a secret trove of treasure.
 12079 | Trove    | Entered a treasure trove
 12087 | Trove    | Identified the ring "Xucim Kusch" {Str+6 Int+4}
 12109 | Trove    | Identified the +11 long sword "Abbi Gon" {protect, *Rage
                  | rElec rC+++ Dex+3}
 12111 | Trove    | Identified the ring "Ciycofag" {rPois Will+ Int+2}
 12301 | D:12     | Found Deameck's Antique Weapon Shoppe.
 12514 | D:13     | Found a gate leading to a gauntlet.
 12515 | D:13     | Noticed a catoblepas
 12523 | D:13     | Killed a catoblepas
 12524 | D:13     | Reached skill level 15 in Maces & Flails
 12531 | Gauntlet | Entered a Gauntlet
 12531 | Gauntlet | Found a transporter.
 12531 | Gauntlet | Found a transporter.
 12531 | Gauntlet | Found a transporter.
 12556 | Gauntlet | Found a transporter.
 12569 | Gauntlet | Found a transporter.
 12572 | Gauntlet | Found a transporter.
 12573 | Gauntlet | Noticed a thrashing horror
 12590 | Gauntlet | Found a transporter.
 12606 | Gauntlet | Noticed an orange crystal statue
 12608 | Gauntlet | Found a transporter.
 12612 | Gauntlet | Found a runed translucent door.
 12628 | Gauntlet | Found a transporter.
 12629 | Gauntlet | Found a transporter.
 12637 | Gauntlet | Found a transporter.
 12640 | Gauntlet | Found a transporter.
 12679 | Gauntlet | Reached XP level 12. HP: 104/108 MP: 11/11
 12747 | Gauntlet | Noticed a tengu warrior
 12784 | Gauntlet | Identified the +0 leather armour of Autotheism {Str-4 Int+2
                  | Slay+2 Stlth+}
 12797 | Gauntlet | Identified the +4 great mace of Ypeohuc {speed, +Blink
                  | Int+2}
 12797 | Gauntlet | Noticed a minotaur
 12807 | Gauntlet | Slain by a minotaur

Illustrated notes

Levels and vault maps discovered:
D:1:      amcnicky_arrival_underground_garden, layout_loops_ring,
          chequers_ecumenical_altar_simple, serial_shops,
          nicolae_shop_real_fake_doors
D:2:      layout_rooms, kennysheep_donut, uniq_sigmund
D:3:      layout_loops_ring
D:4:      layout_basic, zin_purify, kennysheep_generic_room_5
D:5:      layout_rooms, minmay_temple_entry_hall,
          nicolae_shop_distant_corner_stores, grunt_decor_junction,
          grunt_ministairs_5, nicolae_figureground_pulse
D:6:      cheibrodos_fertilizer, layout_loops_corners,
          nicolae_hepliaklqana_monster_ancestors, patterned_corridor,
          uniq_pikel, uniq_jeremiah, uniq_grinder, uniq_maggie
D:7:      layout_basic, serial_shops, shop, hex_tiny, dk_noncrumbling_3,
          uniq_maurice
D:8:      layout_basic
D:9:      layout_basic, nicolae_overflow_two_pavilions, lair_entry_dummy,
          minivault_19, minmay_holes, evilmike_minifort
D:10:     minmay_angry_zag, layout_loops_corners,
          mainiacjoe_overflow_six_doors_small, david_orc_5, grunt_ministairs_5
D:11:     layout_long_grid, kennysheep_nondescript
D:12:     layout_irregular_city, serial_shops, nicolae_square_shop,
          enter_trove_6, okawaru_altar_gauntlet_db
D:13:     layout_cave_pods, david_vaults_2, gauntlet_entry_generic,
          serial_co_window_serial, co_window_paths_a,
          co_window_of_opportunity_a, co_window_paths_a,
          co_window_of_opportunity_a, co_window_corner_a, co_window_2corner,
          co_window_corner_b, co_window_broadway_c, co_window_2corner,
          co_window_unsneaky_path_e, co_window_4corner_b, co_window_paths_e,
          uniq_erolcha
Temple:   hellmonk_temple_divided_pantheon
Gauntlet: minmay_gauntlet_mixed_big_or_small [gammafunk_gauntlet_arena_spirals,
          minmay_gauntlet_arena_77_two_paths, gammafunk_gauntlet_arena_crates,
          minmay_gauntlet_arena_77_museum, nicolae_gauntlet_arena_blocks,
          minmay_gauntlet_arena_77_path, gauntlet_exit_watery]

Skill      XL: |  1  2  3  4  5  6  7  8  9 10 11 12 |
---------------+-------------------------------------+-----
Armour         | 4 5 6 7 8 9 11 | 11.1
Fighting       | 4 5 6 8 9 10 11 | 11.0
Shields        | 4 5 6 7 8 9 |  9.0
Maces & Flails | 4 5 7 9 11 13 15 | 15.3
Dodging        | 1 2 3 4 5 |  5.4
Stealth        | 1 2 |  2.3

Action                     |  1- 3 |  4- 6 |  7- 9 | 10-12 || total
---------------------------+-------+-------+-------+-------++-------
  Melee: Flail             |    57 |    92 |   276 |   334 ||   759
         Headbutt          |     6 |    12 |    46 |   124 ||   188
         Morningstar       |       |       |       |   138 ||   138
 Invoke: Donate Gold       |       |     1 |       |       ||     1
    Use: Potion            |     1 |       |       |     2 ||     3
         Scroll            |       |     7 |     5 |    15 ||    27
 Armour: Scale mail        |    45 |    61 |   201 |   235 ||   542
         Plate armour      |       |       |       |    91 ||    91
  Dodge: Dodged            |    37 |    46 |    97 |   209 ||   389
  Block: Buckler           |    10 |    18 |    54 |   118 ||   200
